 Dungeon Crawl Stone Soup version 0.21.0-3-g78d12a8 (webtiles) character file.

96559 dobroeutro the Carver (level 15, 0/122 HPs)
             Began as a Demonspawn Fighter on Jan 14, 2018.
             Was the Champion of Okawaru.
             Blown up by an orb spider (17 damage)
             ... with a wavering orb of destruction
             ... on level 1 of the Spider Nest.
             The game lasted 00:57:06 (25682 turns).

dobroeutro the Carver (Demonspawn Fighter)         Turns: 25682, Time: 00:57:07

Health: 0/122      AC: 24    Str: 21    XL:     15   Next: 69%
Magic:  21/21      EV: 12    Int: 11    God:    Okawaru [******]
Gold:   1870       SH: 17    Dex: 13    Spells: 14/14 levels left

rFire    + + .     SeeInvis .   M - +4 double sword (flame)
rCold    + + .     Gourm    .   c - +1 shield
rNeg     . . .     Faith    .   T - +0 shadow dragon scales
rPois    .         Spirit   .   x - +0 helmet
rElec    .         Reflect  +   h - scarf {rC+ rF+}
rCorr    .         Harm     .   (no gloves)
MR       +....                  H - +0 pair of boots
Stlth    ++........             l - +5 amulet of reflection
HPRegen  0.30/turn              y - +3 ring of protection
MPRegen  0.17/turn              G - ring of protection from cold

@: no status effects
A: talons 2, molten scales 2, fire resistance 1, ignite blood, spiny 2, flame
cloud immunity
a: Heroism, Finesse, Renounce Religion


You were on level 1 of the Spider Nest.
You worshipped Okawaru.
Okawaru was exalted by your worship.
You were hungry.

You visited 5 branches of the dungeon, and saw 25 of its levels.

You collected 1870 gold pieces.

Inventory:

Hand Weapons
 s - the +2 war axe of Propriety {chop, rElec rC+}
   (You found it on level 8 of the Dungeon)

   It inflicts extra damage upon your enemies.
   It protects you from cold.
   It insulates you from electricity.
 z - the +3 great sword "Zuce Kee" {elec, rF+ Int+4 Dex+2, unknown}
   (Okawaru gifted it to you on level 1 of the Spider Nest)

   Occasionally, upon striking a foe, it will discharge some electrical energy
   and cause terrible harm.
   It affects your intelligence (+4).
   It affects your dexterity (+2).
   It protects you from fire.
 F - a +2 scimitar of flaming
 M - a +4 double sword of flaming (weapon)
 P - a +6 demon blade of freezing
 V - the +6 scimitar of Equivalence {antimagic, rElec rF+ Dex+4 Stlth+}
   (Okawaru gifted it to you on level 15 of the Dungeon)

   It reduces the magical energy of the wielder, and disrupts the spells and
   magical abilities of those hit.
   Natural abilities and divine invocations are not affected.
   It affects your dexterity (+4).
   It protects you from fire.
   It insulates you from electricity.
   It makes you more stealthy.
Armour
 c - a +1 shield (worn)
 h - a scarf of resistance (worn)
 n - a +0 large shield
 x - a +0 helmet (worn)
 H - a +0 pair of boots (worn)
 K - the +1 cloak of Kuuluogew {rN+ Str-3 Int+2 Stlth+}
   (Okawaru gifted it to you on level 14 of the Dungeon)

   It affects your strength (-3).
   It affects your intelligence (+2).
   It protects you from negative energy.
   It makes you more stealthy.
 L - a scarf of repulsion
 O - the +3 hat of Pondering {ponderous, MR+ MP+10 Int+5}
   (You found it on level 14 of the Dungeon)

   It affects your intelligence (+5).
   It affects your resistance to hostile enchantments.
   It affects your magic capacity (+10).
 S - a +2 cloak
 T - +0 shadow dragon scales (worn)
Jewellery
 e - an uncursed ring of protection from fire
 l - a +5 amulet of reflection (around neck)
 u - an uncursed ring of stealth
 y - a +3 ring of protection (left hand)
 G - a ring of protection from cold (right hand)
 J - an uncursed amulet of magic regeneration {unknown}
 X - an uncursed amulet of regeneration {unknown}
Wands
 g - a wand of acid (34)
 C - a wand of digging (27)
 E - a wand of clouds (7)
 I - a wand of paralysis (17)
 Q - a wand of disintegration (11)
 R - a wand of random effects (50)
 U - a wand of iceblast (17)
 Y - a wand of polymorph (13)
Scrolls
 j - 6 scrolls of magic mapping
 k - 7 scrolls of identify
 m - 2 scrolls of summoning
 r - 3 scrolls of fog
 t - 2 scrolls of blinking
 v - 6 scrolls of amnesia
 A - 3 scrolls of teleportation
 B - 6 scrolls of remove curse
Potions
 a - 3 potions of lignification
 b - 2 potions of might
 d - 6 potions of haste
 i - a potion of flight
 o - 3 potions of mutation
 p - 10 potions of curing
 q - 2 potions of brilliance
 w - 2 potions of invisibility
 D - a potion of magic
 N - a potion of degeneration
Comestibles
 f - 24 rations


   Skills:
 + Level 12.7 Fighting
 * Level 14.6 Long Blades
 + Level 11.8 Armour
 + Level 11.5 Dodging
 + Level 6.6 Shields
 - Level 8.9 Invocations


You had 14 spell levels left.
You didn't know any spells.

Dungeon Overview and Level Annotations

Branches:
Dungeon (15/15)            Temple (0/1) D:7            Lair (6/6) D:10
 Shoals (1/4) Lair:4       Spider (1/4) Lair:4        Slime (0/5) Lair:5
    Orc (2/2) D:10            Elf (0/3) Orc:2        Vaults (0/5) D:13
 Depths (0/5) D:15

Altars:
Ashenzari
Cheibriados
Dithmenos
Elyvilon
Fedhas
Gozag
Kikubaaqudgha
Makhleb
Nemelex Xobeh
Okawaru
Sif Muna
Uskayaw
Vehumet
Wu Jian
Xom
Yredelemnul
Zin
The Shining One
Jiyva
Lugonu

Shops:
D:7 (   Orc:2 (*:=

Portals:
Trove: D:10 (give 14 scrolls of teleportation)

Annotations:
Lair:2 exclusion: oklob plant
Shoals:1 exclusion: Roxanne, Roxanne
Orc:2 exclusion: door


Innate Abilities, Weirdness & Mutations

You have razor-sharp toenails.
You are mostly covered in molten scales. (AC +3)
Your flesh is heat resistant. (rF+)
Your demonic aura causes spilled blood to erupt in flames.
You are mostly covered in sharp spines.
You are immune to clouds of flame.


Message History

The orb spider begins to weave its threads into a brightly glowing ball.
You feel sick.
The orb spider weaves a glowing orb of energy.
An orb of destruction comes into view.
You see here a naga barding.
You feel sick. The orb of destruction hits you!
* * * LOW HITPOINT WARNING * * *
You feel sick.
The orb spider begins to weave its threads into a brightly glowing ball.
You feel sick.
You see here a faintly glowing great sword {god gift}.
z - a faintly glowing great sword {god gift} You start resting.
You feel sick.
You are no longer poisoned.
You start resting.
The orb spider weaves a glowing orb of energy.
The wavering orb of destruction weakly hits you!
You die...

#................#
##...^..........###
#.............^####
#...............##.
##..................
#.#.#........#....##
##...##.#####....#...
#...s#### ##.##......
###(@.#####.###......
#§.#.##.....##.....
#..#.......## #....
####.......# ....
##.....§.# ....
##.#.##....# ....
##.##.###.##.. ....
#.####s#### #......
#####..## #. ...


You could see an orb spider.

Vanquished Creatures
  Rupert (D:12)
  An entropy weaver (Spider:1)
  A yaktaur captain (D:15)
  Fannar (D:11)
  A merfolk impaler (Lair:4)
  7 hydras
  5 vault guards (D:13)
  Erica (D:9)
  3 ogre magi
  13 two-headed ogres
  6 death yaks (Lair:4)
  2 centaur warriors (D:15)
  A tengu warrior (D:15)
  Urug (D:10)
  Nergalle (D:11)
  3 orc high priests
  Sonja (D:14)
  The ghost of hilaritas the Carver, a novice DrFi of Okawaru (D:6)
  An unseen horror (D:10)
  Pikel (D:5)
  2 orb spiders (Spider:1)
  A manticore (shapeshifter) (D:15)
  5 fauns
  8 orc knights
  5 wolf spiders (Spider:1)
  8 orc sorcerers
  5 ugly things (D:14)
  A deep elf mage (D:13)
  4 cyclopes
  2 manticores
  2 moths of wrath (Spider:1)
  A merfolk siren (Shoals:1)
  Joseph (D:8)
  Maurice (D:11)
  A centaur zombie (D:15)
  23 spiny frogs
  A torpor snail (Lair:5)
  3 gargoyles
  3 kobold demonologists (D:10)
  A komodo dragon (shapeshifter) (D:15)
  An efreet (D:14)
  A yaktaur (D:13)
  A demonic crawler (Spider:1)
  5 komodo dragons
  A tengu conjurer (D:15)
  4 jumping spiders (Spider:1)
  5 trolls
  5 merfolk
  A polar bear (D:8)
  2 hornets (D:8)
  A wind drake (Shoals:1)
  16 blink frogs
  3 harpy skeletons
  3 tyrant leeches (Lair:6)
  5 hippogriffs
  A snapping turtle (Lair:4)
  A tarantella (Spider:1)
  2 water elementals (D:12)
  5 redbacks (Spider:1)
  32 yaks
  2 wyverns
  A shadow (D:11)
  A human (D:13)
  A vampire (D:10)
  3 hungry ghosts
  6 vampire mosquitoes (Lair:6)
  A basilisk (Lair:1)
  Edmund (D:5)
  3 wargs (Orc:1)
  A soldier ant (D:15)
  8 water moccasins
  4 porcupines
  22 orc warriors
  6 ice beasts
  3 sky beasts
  A black bear (D:9)
  7 phantoms
  An eye of draining (D:9)
  A necrophage (D:8)
  8 ogres
  10 centaurs
  8 wolves
  10 crocodiles
  2 big kobolds
  28 bullfrogs
  3 wyvern zombies
  A gnoll sergeant (D:9)
  5 scorpions
  8 killer bees
  15 wights
  14 electric eels
  A howler monkey (D:6)
  A crimson imp (D:5)
  A quasit (D:9)
  A bullfrog zombie (D:10)
  5 hounds
  12 orc priests
  A water moccasin simulacrum (D:8)
  2 jellies (D:10)
  20 orc wizards
  4 centaur skeletons
  4 iguanas
  5 worker ants
  A hound zombie (D:5)
  A hound skeleton (D:8)
  8 gnolls
  7 adders
  A shadow imp (D:5)
  3 white imps (D:8)
  A howler monkey simulacrum (D:8)
  2 ufetubi (D:8)
  2 oozes
  An adder skeleton (D:7)
  2 worms (D:2)
  A dart slug (D:2)
  5 leopard geckos
  82 orcs
  2 bats (D:2)
  A giant cockroach (D:1)
  11 goblins
  3 hobgoblins
  16 jackals
  5 quokkas
  2 ball pythons (D:1)
  6 frilled lizards
  17 kobolds
  A leopard gecko zombie (D:6)
  A quokka zombie (D:5)
  6 rats
  3 plants
658 creatures vanquished.

Vanquished Creatures (others)
  A deep elf archer (D:15)
  A faun (Shoals:1)
  An orc warrior (Orc:1)
  3 centaurs
  A hound (D:9)
  2 kobolds (D:8)
  A bush (Lair:6)
  2 demonic plants (D:10)
  12 fungi
  48 plants
72 creatures vanquished.

Grand Total: 730 creatures vanquished

Notes
Turn   | Place    | Note
-------+----------+-------------------------------------------
     0 | D:1      | dobroeutro the Demonspawn Fighter began the quest for the Orb.
     0 | D:1      | Reached XP level 1. HP: 18/18 MP: 1/1
   164 | D:1      | Reached skill level 2 in Long Blades
   227 | D:1      | Gained mutation: You are partially covered in molten scales. (AC +2) [demonic ancestry]
   227 | D:1      | Reached XP level 2. HP: 24/24 MP: 2/2
   390 | D:1      | Reached skill level 3 in Long Blades
   564 | D:1      | Gained mutation: You are partially covered in sharp spines. [demonic ancestry]
   564 | D:1      | Reached XP level 3. HP: 29/29 MP: 3/3
  1003 | D:2      | Gained mutation: Your flesh is heat resistant. (rF+) [demonic ancestry]
  1003 | D:2      | Reached XP level 4. HP: 24/35 MP: 4/4
  1004 | D:2      | Reached skill level 4 in Long Blades
  1052 | D:2      | Found an iron altar of Okawaru.
  1064 | D:2      | Became a worshipper of Warmaster Okawaru
  1182 | D:2      | Found a blossoming altar of Fedhas.
  1183 | D:2      | Found an ancient bone altar of Kikubaaqudgha.
  1634 | D:4      | Reached skill level 1 in Invocations
  1634 | D:4      | Reached XP level 5. HP: 36/41 MP: 5/5
  1957 | D:4      | Noticed a phantom
  2171 | D:4      | Reached skill level 1 in Dodging
  2413 | D:4      | Killed a phantom
  2413 | D:4      | Gained mutation: You are immune to clouds of flame. [demonic ancestry]
  2413 | D:4      | Reached XP level 6. HP: 18/47 MP: 7/7
  2694 | D:5      | Entered Level 5 of the Dungeon
  2939 | D:5      | Reached * piety under Okawaru
  3002 | D:5      | Gained mutation: You have sharp toenails. [demonic ancestry]
  3002 | D:5      | Reached XP level 7. HP: 46/54 MP: 6/9
  3120 | D:5      | Found a sparkling altar of Nemelex Xobeh.
  3187 | D:5      | Found a white marble altar of Elyvilon.
  3284 | D:5      | Reached skill level 5 in Long Blades
  3317 | D:5      | Found a shadowy altar of Dithmenos.
  3441 | D:5      | Noticed Edmund
  3461 | D:5      | Killed Edmund
  3596 | D:5      | Found a shimmering altar of Xom.
  3745 | D:6      | Reached XP level 8. HP: 61/61 MP: 11/11
  3822 | D:6      | Found an ornate altar of the Wu Jian Council.
  3887 | D:6      | Reached ** piety under Okawaru
  3949 | D:6      | Reached skill level 5 in Fighting
  4057 | D:6      | Noticed Pikel
  4085 | D:5      | Killed Pikel
  4085 | D:5      | Reached *** piety under Okawaru
  4085 | D:5      | Reached skill level 6 in Long Blades
  4085 | D:5      | Reached skill level 5 in Armour
  4107 | D:6      | Noticed hilaritas's ghost (novice DrFi)
  4130 | D:6      | Killed hilaritas's ghost
  4130 | D:6      | Gained mutation: You have razor-sharp toenails. [demonic ancestry]
  4130 | D:6      | Reached XP level 9. HP: 57/69 MP: 10/12
  4503 | D:6      | Found a glowing golden altar of the Shining One.
  4504 | D:6      | Found a hide-covered altar of Uskayaw.
  4575 | D:7      | Found a staircase to the Ecumenical Temple.
  4588 | D:7      | Found a basalt altar of Yredelemnul.
  4600 | D:7      | Found Unatugga's Weapon Boutique.
  4767 | D:7      | Found a snail-covered altar of Cheibriados.
  4772 | D:7      | Found a burning altar of Makhleb.
  4994 | D:7      | Reached **** piety under Okawaru
  5232 | D:8      | Reached skill level 5 in Dodging
  5268 | D:8      | Got a crystal war axe
  5279 | D:8      | Identified the cursed +2 war axe of Propriety {chop, rElec rC+} (You found it on level 8 of the Dungeon)
  5291 | D:8      | Reached skill level 5 in Shields
  5360 | D:8      | Noticed Joseph
  5364 | D:8      | Noticed a two-headed ogre
  5373 | D:8      | Killed Joseph
  5373 | D:8      | Reached skill level 7 in Long Blades
  5489 | D:8      | Gained mutation: You are mostly covered in sharp spines. [demonic ancestry]
  5489 | D:8      | Reached XP level 10. HP: 75/77 MP: 13/13
  5492 | D:8      | Noticed a two-headed ogre
  5501 | D:8      | Reached ***** piety under Okawaru
  5996 | D:8      | Killed a two-headed ogre
  6275 | D:8      | Found a burning altar of Makhleb.
  6601 | D:9      | Found an opulent altar of Gozag.
  6861 | D:9      | Noticed Erica
  6871 | D:9      | Killed Erica
  6871 | D:9      | Reached skill level 8 in Long Blades
  6924 | D:9      | Noticed a two-headed ogre
  6933 | D:9      | Killed a two-headed ogre
  6933 | D:9      | Reached XP level 11. HP: 60/86 MP: 11/14
  7241 | D:9      | Found a deep blue altar of Sif Muna.
  7620 | D:9      | Found a shattered altar of Ashenzari.
  7831 | D:10     | Entered Level 10 of the Dungeon
  7991 | D:10     | Found a portal to a secret trove of treasure.
  8072 | D:10     | Killed an unseen horror
  8166 | D:10     | Killed a two-headed ogre
  8166 | D:10     | Received a gift from Okawaru
  8195 | D:10     | Found a corrupted altar of Lugonu.
  8376 | D:10     | Found a staircase to the Lair.
  8388 | D:10     | Got a brightly glowing dagger {antimagic}
  8389 | D:10     | Identified the +2 dagger of the Radish {antimagic, +Inv rC+ Int+2} (You took it off a kobold demonologist on level 10 of the Dungeon)
  8537 | D:10     | Found a staircase to the Orcish Mines.
  8552 | D:10     | Noticed Urug
  8626 | D:10     | Killed Urug
  8626 | D:10     | Reached skill level 9 in Long Blades
  9127 | D:11     | Noticed Fannar
  9158 | D:11     | Killed Fannar
  9158 | D:11     | Received a gift from Okawaru
  9254 | D:11     | Noticed Maurice
  9272 | D:11     | Killed Maurice
  9517 | D:11     | Noticed a four-headed hydra
  9527 | D:11     | Killed a one-headed hydra
  9555 | D:11     | Noticed Nergalle
  9561 | D:11     | Noticed a spectral orc warlord
  9571 | D:11     | Killed Nergalle
  9836 | D:11     | Noticed a two-headed ogre
  9844 | D:11     | Killed a two-headed ogre
  9844 | D:11     | Gained mutation: You are mostly covered in molten scales. (AC +3) [demonic ancestry]
  9844 | D:11     | Reached XP level 12. HP: 96/96 MP: 12/15
  9874 | D:11     | Received a gift from Okawaru
  9877 | D:11     | Got a steaming plate armour {god gift}
  9975 | D:11     | Reached skill level 10 in Long Blades
 10491 | Orc:1    | Entered Level 1 of the Orcish Mines
 10512 | Orc:1    | Paralysed by an orc sorcerer for 6 turns
 10623 | Orc:1    | Found a radiant altar of Vehumet.
 11224 | Orc:1    | Reached ****** piety under Okawaru
 11438 | Lair:1   | Entered Level 1 of the Lair of Beasts
 11548 | Lair:1   | Reached skill level 10 in Fighting
 11634 | Lair:1   | Noticed an eight-headed hydra
 11643 | Lair:1   | Killed a four-headed hydra
 12417 | Lair:2   | Reached skill level 11 in Long Blades
 13623 | Lair:3   | Received a gift from Okawaru
 13687 | Lair:3   | Noticed a six-headed hydra
 13696 | Lair:3   | Killed a three-headed hydra
 13696 | Lair:3   | Reached XP level 13. HP: 49/104 MP: 13/16
 14822 | Lair:4   | Received a gift from Okawaru
 14848 | Lair:4   | Reached skill level 10 in Armour
 15101 | Lair:4   | Found a staircase to the Shoals.
 15217 | Lair:4   | Found a hole to the Spider Nest.
 15291 | Lair:4   | Reached skill level 12 in Long Blades
 15733 | Lair:5   | Found a viscous altar of Jiyva.
 15733 | Lair:5   | Found a staircase to the Slime Pits.
 16333 | Lair:5   | Identified the +4 plate armour of the Clam {rElec rPois Dex+6 Slay-4} (Okawaru gifted it to you on level 11 of the Dungeon)
 17533 | D:12     | Noticed Rupert
 17544 | D:12     | Killed Rupert
 17544 | D:12     | Reached skill level 10 in Dodging
 18057 | D:13     | Received a gift from Okawaru
 18060 | D:13     | Got a bloodstained falchion {god gift}
 18061 | D:13     | Identified the +2 falchion of Tejemeyj {flame, Dex+4} (Okawaru gifted it to you on level 13 of the Dungeon)
 18190 | D:13     | Reached skill level 5 in Invocations
 18371 | D:13     | Reached XP level 14. HP: 72/113 MP: 17/17
 18522 | D:13     | Found a gate to the Vaults.
 18697 | D:14     | Noticed Sonja
 18702 | D:14     | Killed Sonja
 19071 | D:14     | Reached skill level 13 in Long Blades
 19102 | D:14     | Received a gift from Okawaru
 19105 | D:14     | Got a twisted cloak {god gift}
 19116 | D:14     | Identified the +1 cloak of Kuuluogew {rN+ Str-3 Int+2 Stlth+} (Okawaru gifted it to you on level 14 of the Dungeon)
 19288 | D:14     | Found a glowing silver altar of Zin.
 19610 | D:14     | Found the +3 hat of Pondering {ponderous, MR+ MP+10 Int+5}
 19671 | D:15     | Entered Level 15 of the Dungeon
 19958 | D:15     | Found a staircase to the Depths.
 20207 | D:15     | Found a shadowy altar of Dithmenos.
 20694 | D:15     | Received a gift from Okawaru
 20709 | D:15     | Got a twisted scimitar {god gift}
 20710 | D:15     | Identified the +6 scimitar of Equivalence {antimagic, rElec rF+ Dex+4 Stlth+} (Okawaru gifted it to you on level 15 of the Dungeon)
 20973 | Lair:6   | Entered Level 6 of the Lair of Beasts
 21342 | Lair:6   | Gained mutation: Your demonic aura causes spilled blood to erupt in flames. [demonic ancestry]
 21342 | Lair:6   | Reached XP level 15. HP: 87/120 MP: 21/21
 21491 | Lair:6   | Received a gift from Okawaru
 21491 | Lair:6   | Reached skill level 14 in Long Blades
 22212 | Orc:2    | Entered Level 2 of the Orcish Mines
 22289 | Orc:2    | Found a staircase to the Elven Halls.
 23202 | Orc:2    | Paralysed by an orc sorcerer for 2 turns
 23216 | Orc:1    | Paralysed by an orc sorcerer for 7 turns
 23683 | Orc:2    | Received a gift from Okawaru
 23811 | Orc:2    | Found a deep blue altar of Sif Muna.
 24051 | Orc:2    | Found Tiqaap's Jewellery Emporium.
 24058 | Orc:2    | Found Pine Eke's Book Shop.
 24077 | Orc:2    | Found Cudopp's General Store.
 24079 | Orc:2    | Found Udisoh Tamn's Weapon Emporium.
 24463 | Shoals:1 | Entered Level 1 of the Shoals
 24466 | Shoals:1 | Noticed Roxanne
 25332 | Spider:1 | Entered Level 1 of the Spider Nest
 25632 | Spider:1 | Received a gift from Okawaru
 25675 | Spider:1 | Got a faintly glowing great sword {god gift}
 25682 | Spider:1 | Blown up by an orb spider

Skill      XL: |  1  2  3  4  5  6  7  8  9 10 11 12 13 14 15 |
---------------+----------------------------------------------+-----
Long Blades    | 2 3 4 5 6 7 8 9 11 12 13 14 | 14.6
Invocations    | 1 2 3 4 5 8 |  8.9
Armour         | 3 4 5 6 7 8 9 10 11 | 11.8
Dodging        | 1 2 3 4 5 6 8 9 10 11 | 11.5
Fighting       | 4 6 8 9 10 11 12 | 12.7
Shields        | 3 4 5 6 |  6.6

Action                   |  1- 3 |  4- 6 |  7- 9 | 10-12 | 13-15 || total
-------------------------+-------+-------+-------+-------+-------++-------
Melee: Long sword        |   121 |   124 |   131 |       |       ||   376
       Kick              |       |       |    62 |   235 |   195 ||   492
       Short sword       |       |       |   107 |   217 |       ||   324
       War axe           |       |       |       |     6 |       ||     6
       Scimitar          |       |       |       |   495 |    20 ||   515
       Double sword      |       |       |       |       |   982 ||   982
Invok: Heroism           |       |     1 |     4 |    17 |     9 ||    31
       Finesse           |       |       |       |     1 |     2 ||     3
Evoke: Wand              |       |       |       |     3 |       ||     3
  Use: Potion            |       |     2 |       |       |     4 ||     6
       Scroll            |       |       |     9 |     9 |    14 ||    32
 Stab: Sleeping          |       |       |       |       |     6 ||     6
       Distracted        |       |       |       |       |     2 ||     2
  Eat: Chunk             |       |     7 |     8 |    21 |    30 ||    66
       Ration            |       |       |       |     2 |     3 ||     5
Armor: Scale mail        |    54 |    51 |    65 |    67 |       ||   237
       Chain mail        |       |       |       |   108 |    29 ||   137
       Shadow dragon sca |       |       |       |       |   261 ||   261
       Skin              |       |       |       |       |     1 ||     1
Dodge: Dodged            |    30 |    26 |    60 |   141 |   258 ||   515
Block: Shield            |    53 |    88 |   184 |   474 |   750 ||  1549
       Reflection        |       |     1 |    10 |    18 |    55 ||    84
       Rpst.: Long sword |     7 |     8 |    15 |       |       ||    30
       Scimitar          |       |       |       |    23 |       ||    23
       Double sword      |       |       |       |       |    49 ||    49
